 Dungeon Crawl Stone Soup version 0.24-a0-479-g9a978d2894 (webtiles) character file.

Game seed: 8418598165442037194

53 Gargoyl the Skirmisher (level 3, 0/33 HPs)
             Began as a Centaur Abyssal Knight on July 8, 2019.
             Was a Follower of Lugonu.
             Slain by a quasit (2 damage)
             ... on level 2 of the Abyss.
             The game lasted 00:01:48 (137 turns).

Gargoyl the Skirmisher (Centaur Abyssal Knight)      Turns: 137, Time: 00:01:49

Health: 0/33       AC:  4    Str: 14    XL:     3   Next: 64%
Magic:  4/4        EV:  1    Int: 11    God:    Lugonu [*.....]
Gold:   79         SH:  0    Dex: -1 (9) Spells: 2/2 levels left

rFire    . . .     SeeInvis .   a - +1 hand axe
rCold    . . .     Gourm    .   (no shield)
rNeg     . . .     Faith    .   b - +0 leather armour
rPois    .         Spirit   .   (no helmet)
rElec    .         Reflect  .   (no cloak)
rCorr    .         Harm     .   (no gloves)
MR       .....                  (no barding)
Stlth    ..........             (no amulet)
HPRegen  0.11/turn              (no ring)
MPRegen  0.09/turn              (no ring)

@: slowed, lost dexterity
A: large, hooves 3, deformed body, speed 2, tough skin 3
a: Depart the Abyss, Renounce Religion


You were on level 2 of the Abyss.
You worshipped Lugonu.
Lugonu was aware of your devotion.
You were not hungry.

You visited 0 branches of the dungeon, and saw 0 of its levels.
You visited the Abyss 1 time.

You collected 79 gold pieces.

Inventory:

Hand Weapons
 a - a +1 hand axe (weapon)
Armour
 b - a +0 leather armour (worn)
Scrolls
 e - a scroll of identify
Comestibles
 c - 3 rations


   Skills:
 + Level 4.0 Fighting
 + Level 2.1 Axes
 + Level 1.7 Armour
 + Level 0.7 Dodging
 + Level 2.3 Invocations


You had 2 spell levels left.
You didn't know any spells.
Your spell library was empty.

Dungeon Overview and Level Annotations

Branches:
Dungeon (0/15)

Altars:


Innate Abilities, Weirdness & Mutations

You have hooves in place of feet.
Armour fits poorly on your strangely shaped body.
You cover ground very quickly.
You have extremely tough skin. (AC +3)


Message History

The quasit bites you but does no damage.
The quasit claws you.
* * * LOW HITPOINT WARNING * * *
The quasit claws you.
* * * LOW HITPOINT WARNING * * *
The quasit bites you.
* * * LOW HITPOINT WARNING * * *
The quasit claws you but does no damage. x2
You can move again.
You hit the quasit but do no damage.
The quasit is almost dead.
The quasit bites you.
* * * LOW HITPOINT WARNING * * *
You feel clumsy.
The quasit claws you but does no damage.
The quasit claws you.
* * * LOW HITPOINT WARNING * * *
The quasit bites you but does no damage.
The quasit claws you.
You die...

## #.# #.... ..
.### # . # #. ..
#...# .... #. .
## ###..###. ยง
# #.... .
######...#..## .
#. .# .
#.....#..### .
..##.###.......
## # #.. ..##.
.#......#...#..#
. .... #
#..........#.. .
.. # ..#@5##.. #
# # # #
.#..#.#... [
##..#.# # .# .#
..##. ... ..#. .
# # ##.#.# #
.##. # #


You could see a quasit.

Vanquished Creatures
  A small abomination (Abyss:2)
1 creature vanquished.

Notes
Turn   | Place    | Note
-------+----------+-------------------------------------------
     0 | Abyss:1  | Gargoyl the Centaur Abyssal Knight began the quest for the
                  | Orb.
     0 | Abyss:1  | Reached XP level 1. HP: 19/19 MP: 2/2
     7 | Abyss:2  | Noticed a small abomination
    23 | Abyss:2  | Killed a small abomination
    23 | Abyss:2  | Reached skill level 4 in Fighting
    23 | Abyss:2  | Reached XP level 2. HP: 17/27 MP: 3/3
    24 | Abyss:2  | Reached XP level 3. HP: 21/33 MP: 4/4
   133 | Abyss:2  | Lost dexterity.
   137 | Abyss:2  | Slain by a quasit

Levels and vault maps discovered:
Abyss:2

Skill      XL: |  1 |
---------------+----+-----
Fighting       | 4 |  4.0
Axes           | 2 |  2.1
Armour         | |  1.7
Dodging        | |  0.7
Invocations    | |  2.3

Action                   || total
-------------------------++-------
Melee: Hand axe          ||    17
Evoke: Wand              ||     5
  Use: Potion            ||     2
       Scroll            ||     1
Armor: Leather armour    ||    40
Dodge: Dodged            ||    28

Table legend:
 A = Non-vault XP
 B = Vault XP
 C = Vault XP percentage of total XP
 D = Non-vault monster count
 E = Vault monster count
 F = Vault count percentage of total count
                 A         B        C        D         E       F
            +---------+---------+-------+---------+---------+-------
      Total |      77 |       0 |   0.0 |       1 |       0 |   0.0
            +---------+---------+-------+---------+---------+-------
    Abyss:2 |      77 |       0 |   0.0 |       1 |       0 |   0.0
            +---------+---------+-------+---------+---------+-------
